[Event "Titled Tuesday Blitz July 4 Early 2023"]
[White "Duarte, Leonardo"]
[Black "WindWhistler11"]
[WhiteFideId "110582"]
[WhiteElo "2412"]
[BlackElo "2546"]
[Result "0-1"]
[Round "5"]
[TimeControl "180+2"]
[Date "2023.07.04"]
[WhiteClock "0:00:00"]
[BlackClock "0:00:05"]
[Board "128"]

1. e4 e6 2. d4 d5 3. Nc3 Bb4 4. e5 Ne7 5. h4 c5 6. a3 Bxc3+ 7. bxc3 Qa5 8. Bd2 Qa4 9. h5 h6 10. Qg4 Rg8 11. Bd3 Nf5 12. Ne2 c4 13. Bxf5 exf5 14. Qf3 Be6 15. Nf4 Qxc2 16. Nxd5 Na6 17. Nf4 O-O-O 18. Rc1 Qa2 19. Qe2 Nc7 20. O-O g5 21. hxg6 Rxg6 22. Ra1 Qc2 23. Rfc1 Qa4 24. Nxg6 fxg6 25. Bxh6 Qc6 26. Bg5 Rh8 27. Bf6 Rh7 28. f3 Nd5 29. Qd2 f4 30. Qc2 Bf5 31. Qb2 Ne3 32. Re1 g5 0-1


[Site "https://www.chess.com"]

[Event "Titled Tuesday Blitz July 4 Early 2023"]
[White "Bruedigam, Martin"]
[Black "FuenfgegenWilly"]
[WhiteFideId "24608033"]
[WhiteElo "2546"]
[BlackElo "2397"]
[Result "0-1"]
[Round "5"]
[TimeControl "180+2"]
[Date "2023.07.04"]
[WhiteClock "0:00:09"]
[BlackClock "0:00:08"]
[Board "129"]

1. c4 e5 2. g3 Nc6 3. Bg2 f5 4. e3 Nf6 5. d4 Bb4+ 6. Bd2 Bxd2+ 7. Qxd2 d6 8. Ne2 O-O 9. Nbc3 Qe8 10. O-O-O e4 11. h3 Nb4 12. Kb1 Nd3 13. Nc1 Nxc1 14. Rxc1 Be6 15. Ne2 c5 16. Rhd1 b5 17. cxb5 Qxb5 18. Bf1 Qb6 19. dxc5 dxc5 20. Qd6 Rfd8 21. Qxb6 axb6 22. a3 Bb3 23. Re1 Rd2 24. Rc3 Ba4 25. Nf4 Rad8 26. Bc4+ Kh8 27. Re2 Rd1+ 28. Ka2 b5 29. b3 b4 30. Rcc2 Be8 31. Ne6 Ra8 32. a4 Bxa4 33. bxa4 Rxa4+ 34. Kb2 Raa1 35. Ba2 Nd5 36. Rcd2 Nc3 37. Rxd1 Rxa2+ 38. Kb3 Ra3+ 39. Kc4 Nxd1 40. Rd2 Rc3+ 41. Kb5 Rd3 42. Ra2 h6 43. Nxc5 Nc3+ 44. Kc4 Nxa2 45. Nxd3 exd3 46. Kb3 d2 0-1


[Site "https://www.chess.com"]

[Event "Titled Tuesday Blitz July 4 Early 2023"]
[White "Fernandez Siles, Luis"]
[Black "Degenbaev, Aziz"]
[WhiteFideId "2209420"]
[BlackFideId "13802640"]
[WhiteElo "2378"]
[BlackElo "2544"]
[Result "0-1"]
[Round "5"]
[TimeControl "180+2"]
[Date "2023.07.04"]
[WhiteClock "0:00:34"]
[BlackClock "0:00:11"]
[Board "130"]

1. e4 c5 2. Nf3 Nc6 3. d4 cxd4 4. Nxd4 Nf6 5. Nc3 e5 6. Ndb5 d6 7. Nd5 Nxd5 8. exd5 Nb8 9. c4 Be7 10. Bd3 O-O 11. O-O f5 12. f3 Nd7 13. Kh1 a6 14. Nc3 a5 15. Be3 Nf6 16. a3 Bd7 17. b4 axb4 18. axb4 Rxa1 19. Qxa1 Qc7 20. Qa7 e4 21. fxe4 Nxe4 22. Bxe4 fxe4 23. Rxf8+ Bxf8 24. c5 dxc5 25. bxc5 Qe5 26. Qa5 Qf5 27. Qb4 Qf1+ 28. Bg1 e3 29. d6 Bc6 30. Qg4 g6 31. Ne2 Bg7 32. Qe6+ Kh8 33. Qxe3 Qxg2# 0-1


[Site "https://www.chess.com"]

[Event "Titled Tuesday Blitz July 4 Early 2023"]
[White "Rosh Jain"]
[Black "Ljukin, Sergei"]
[WhiteFideId "25789465"]
[BlackFideId "14102200"]
[WhiteElo "2349"]
[BlackElo "2539"]
[Result "1-0"]
[Round "5"]
[TimeControl "180+2"]
[Date "2023.07.04"]
[WhiteClock "0:00:33"]
[BlackClock "0:00:05"]
[Board "132"]

1. e4 e6 2. d4 d5 3. Nc3 Bb4 4. exd5 exd5 5. Bd3 Nf6 6. Ne2 O-O 7. O-O Bg4 8. Bg5 c6 9. f3 Bh5 10. Nf4 Bg6 11. Nxg6 hxg6 12. Ne2 Bd6 13. h4 Nbd7 14. c3 Qc7 15. Qc2 Rfe8 16. f4 Ne4 17. f5 f6 18. Bd2 Nf8 19. c4 Bg3 20. Rf3 Nxd2 21. Qxd2 Bh2+ 22. Kh1 gxf5 23. g3 Rxe2 24. Qxe2 Bxg3 25. Rg1 Bxh4 26. Rxf5 Bg5 27. cxd5 cxd5 28. Rxd5 Qc6 29. Be4 Re8 30. Re5 Rxe5 31. dxe5 Qc5 32. exf6 Bxf6 33. Qf3 Nd7 34. Bd5+ Kf8 35. Qh5 Qe7 36. Qh8# 1-0


[Site "https://www.chess.com"]

[Event "Titled Tuesday Blitz July 4 Early 2023"]
[White "Turzo, Attila"]
[Black "Chyngyz, Sultai"]
[WhiteFideId "704954"]
[BlackFideId "13803158"]
[WhiteElo "2538"]
[BlackElo "2348"]
[Result "0-1"]
[Round "5"]
[TimeControl "180+2"]
[Date "2023.07.04"]
[WhiteClock "0:00:10"]
[BlackClock "0:01:13"]
[Board "133"]

1. d4 Nf6 2. c4 e6 3. g3 Be7 4. Bg2 d5 5. Nf3 O-O 6. O-O c5 7. cxd5 exd5 8. b3 Nc6 9. Bb2 Be6 10. Nbd2 Rc8 11. Rc1 b6 12. Qc2 cxd4 13. Qb1 Bc5 14. Rfd1 Qd7 15. Nf1 Bf5 16. Qa1 Nb4 17. Nxd4 Be4 18. Ne3 Bxg2 19. Kxg2 Ng4 20. Nef5 g6 21. Nh4 Qe7 22. Nhf3 f6 23. a3 Nc6 24. Nxc6 Rxc6 25. b4 Qxe2 26. Rd2 Ne3+ 27. Kh3 Qxf3 28. fxe3 f5 29. bxc5 g5 30. Bg7 Rf7 31. Rf1 g4+ 32. Kh4 Qxe3 33. Rxf5 Rxf5 0-1


[Site "https://www.chess.com"]

[Event "Titled Tuesday Blitz July 4 Early 2023"]
[White "Lana Rodriguez, David"]
[Black "Dwilewicz, Katarzyna"]
[WhiteFideId "2270803"]
[BlackFideId "1148486"]
[WhiteElo "2537"]
[BlackElo "2346"]
[Result "1-0"]
[Round "5"]
[TimeControl "180+2"]
[Date "2023.07.04"]
[WhiteClock "0:00:53"]
[BlackClock "0:00:00"]
[Board "134"]

1. e4 c5 2. Nf3 d6 3. d4 cxd4 4. Qxd4 a6 5. Be2 Nc6 6. Qe3 g6 7. O-O Bg7 8. Rd1 Qa5 9. Bd2 Qc7 10. Bc3 Nf6 11. h3 O-O 12. Nbd2 b5 13. a3 Bb7 14. Nb3 Rac8 15. Rd2 Nd8 16. Bxf6 Bxf6 17. c3 Ne6 18. Rad1 Kg7 19. Nbd4 Nc5 20. Bd3 Nxd3 21. Rxd3 e6 22. Ne2 Rfd8 23. Nh2 Qc6 24. Ng4 Qxe4 25. Qh6+ Kh8 26. Rf3 Bg7 27. Qd2 Rd7 28. Ng3 Qc6 29. Qg5 f5 30. Nh2 Rf8 31. Re1 e5 32. Ngf1 f4 33. Qg4 Rdf7 34. Rd3 e4 35. Rdd1 d5 36. Qg5 h6 37. Qg4 Kh7 38. Nd2 Bc8 39. Qh4 Bf6 40. Qxf4 Bg5 41. Qg3 Rxf2 42. Qxf2 Rxf2 43. Kxf2 Qc5+ 44. Kf1 a5 45. Re2 b4 46. axb4 axb4 47. c4 Ba6 48. b3 dxc4 49. Nxe4 Qf8+ 50. Kg1 cxb3 51. Nxg5+ hxg5 52. Rd7+ Kh6 53. Ng4+ Kh5 54. Ree7 1-0


[Site "https://www.chess.com"]

[Event "Titled Tuesday Blitz July 4 Early 2023"]
[White "Juknis, Paulius"]
[Black "David, Bogdan-Emanuel"]
[WhiteFideId "12802247"]
[BlackFideId "1229907"]
[WhiteElo "2331"]
[BlackElo "2536"]
[Result "1-0"]
[Round "5"]
[TimeControl "180+2"]
[Date "2023.07.04"]
[WhiteClock "0:00:22"]
[BlackClock "0:00:03"]
[Board "135"]

1. e4 c5 2. Nc3 Nc6 3. Bb5 Nd4 4. Nf3 a6 5. Bd3 e6 6. O-O Nc6 7. b3 b5 8. Bb2 Bb7 9. e5 Nge7 10. Ne4 Ng6 11. a4 Nb4 12. Re1 Nxd3 13. cxd3 Be7 14. Qe2 Bd5 15. Qe3 Rc8 16. axb5 axb5 17. d4 c4 18. bxc4 bxc4 19. Ba3 Bxe4 20. Qxe4 O-O 21. Bxe7 Qxe7 22. h4 f5 23. exf6 Qxf6 24. Ra7 Rf7 25. d5 exd5 26. Qxd5 Kh8 27. Rxd7 Rxd7 28. Qxd7 Rd8 29. Re8+ Rxe8 30. Qxe8+ Nf8 31. Ne5 Kg8 32. Nd7 Qf7 33. Qxf8+ Qxf8 34. Nxf8 Kxf8 35. Kf1 Ke7 36. Ke2 Ke6 37. Ke3 Ke5 38. f4+ Kd5 39. g4 g6 40. f5 gxf5 41. gxf5 Ke5 42. f6 Kxf6 43. Kd4 Kf5 44. Kxc4 Kg4 45. d4 Kxh4 46. d5 Kg5 47. d6 Kf6 48. Kc5 h5 49. Kc6 h4 50. d7 Kf5 51. d8=Q Kg4 52. Qd5 Kg3 53. Qh1 1-0


[Site "https://www.chess.com"]

[Event "Titled Tuesday Blitz July 4 Early 2023"]
[White "Mindhunter08"]
[Black "Shvedova, Alexandra"]
[BlackFideId "54154782"]
[WhiteElo "2300"]
[BlackElo "2535"]
[Result "1-0"]
[Round "5"]
[TimeControl "180+2"]
[Date "2023.07.04"]
[WhiteClock "0:00:09"]
[BlackClock "0:00:32"]
[Board "136"]

1. e4 c5 2. Nf3 Nc6 3. Bb5 e6 4. Bxc6 bxc6 5. e5 d6 6. exd6 Bxd6 7. O-O Ne7 8. d3 O-O 9. Nbd2 Ng6 10. Nc4 Be7 11. Qe2 Qc7 12. Bg5 f6 13. Bd2 e5 14. h3 Be6 15. b3 Rae8 16. Rfe1 Bc8 17. Bc3 Nf4 18. Qd2 Nd5 19. Bb2 Bd8 20. Ba3 Be7 21. Qa5 Qxa5 22. Nxa5 Bd7 23. Nd2 Rb8 24. Ne4 Nb4 25. Re2 Rfe8 26. Nc4 Bf8 27. Bc1 Nd5 28. Bd2 Re6 29. a3 h6 30. Rae1 Kf7 31. Nb2 Nb6 32. Be3 c4 33. Nxc4 Nxc4 34. dxc4 a5 35. Bc5 Be8 36. Bxf8 Kxf8 37. Nc5 Rd6 38. Ne4 Rd4 39. Rd2 Rbd8 40. Rxd4 Rxd4 41. Re2 Bg6 42. Nc5 Ke7 43. f3 Kd6 44. Nb7+ Kc7 45. Nxa5 Kb6 46. b4 Rd1+ 47. Kf2 Ra1 48. c5+ Kb5 49. c4+ Ka6 50. Nxc6 Rxa3 51. b5+ Kb7 52. Rd2 Kc7 53. Ne7 Bf7 54. b6+ Kb7 55. Rd7+ Kb8 56. Nc6+ 1-0


[Site "https://www.chess.com"]

[Event "Titled Tuesday Blitz July 4 Early 2023"]
[White "Osmak, Yuliia"]
[Black "Kohler, Aran"]
[WhiteFideId "14101602"]
[BlackFideId "1002856"]
[WhiteElo "2535"]
[BlackElo "2279"]
[Result "1-0"]
[Round "5"]
[TimeControl "180+2"]
[Date "2023.07.04"]
[WhiteClock "0:00:54"]
[BlackClock "0:00:00"]
[Board "137"]

1. Nf3 Nf6 2. g3 b6 3. Bg2 Bb7 4. O-O e6 5. d3 d5 6. b3 Nbd7 7. Bb2 Be7 8. Nbd2 O-O 9. c4 c5 10. e3 Qc7 11. Qe2 Rad8 12. Rfd1 Rfe8 13. Rac1 Qb8 14. d4 Ne4 15. Nxe4 dxe4 16. Nd2 f5 17. Nb1 Bf6 18. Bf1 cxd4 19. Bxd4 e5 20. Bb2 Nc5 21. Qc2 Rxd1 22. Rxd1 Rd8 23. Nc3 Rxd1 24. Qxd1 Qd8 25. Qxd8+ Bxd8 26. Nb5 Nd3 27. Bc3 a6 28. Nd6 Bc6 29. Nxf5 Bf6 30. g4 g6 31. Ng3 a5 32. Bg2 Nc5 33. g5 Bg7 34. Kf1 h5 35. h4 Kf7 36. Ke2 Ke7 37. Bb2 Kd6 38. Ba3 Kc7 39. Bxc5 bxc5 40. Bxe4 Be8 41. Kd3 a4 42. Ne2 axb3 43. axb3 Kb6 44. Nc3 Bf8 45. Nd5+ Ka5 46. Nf6 Bf7 47. Bd5 Bxd5 48. Nxd5 Ka6 49. Ke4 Bd6 50. f4 exf4 51. Nxf4 Ka5 52. Nxg6 Kb4 53. Kd5 1-0


[Site "https://www.chess.com"]

[Event "Titled Tuesday Blitz July 4 Early 2023"]
[White "Tikhonov, Viacheslav"]
[Black "tomobeast"]
[WhiteFideId "44196407"]
[WhiteElo "2534"]
[BlackElo "2260"]
[Result "1-0"]
[Round "5"]
[TimeControl "180+2"]
[Date "2023.07.04"]
[WhiteClock "0:00:40"]
[BlackClock "0:00:03"]
[Board "138"]

1. d4 Nf6 2. c4 e6 3. Nf3 b6 4. g3 Ba6 5. Qc2 Bb4+ 6. Bd2 Be7 7. Bg2 Bb7 8. O-O O-O 9. Nc3 c5 10. d5 exd5 11. Nh4 Ne4 12. Nf5 Nxd2 13. Qxd2 Bg5 14. e3 Nc6 15. Nd6 Ba6 16. Qxd5 Nb4 17. Qxa8 Qxa8 18. Bxa8 Rxa8 19. Rad1 Bf6 20. a3 Bxc3 21. bxc3 Nc6 22. Nb5 Ne5 23. a4 Rd8 24. Rd5 Nxc4 25. Rfd1 Bc8 26. Nxa7 Nb2 27. Nxc8 Nxd1 28. Nxb6 Nxc3 29. Rxc5 Ne4 30. Rc4 Nd2 31. Rc2 Nb3 32. Nxd7 h5 33. Rc7 Nd2 34. Kg2 Ne4 35. a5 h4 36. gxh4 Nd6 37. Nb6 Nb5 38. Rd7 Rb8 39. Rd5 Nc7 40. Rc5 Na6 41. Rc8+ Rxc8 42. Nxc8 Kf8 43. Kf3 Ke8 44. Ke4 Kd7 45. Nb6+ Kc6 46. h5 Kb5 47. Nc8 Kxa5 48. Nd6 f6 49. Kf5 Nc5 50. Kg6 Ne6 51. Nf5 Ng5 52. Nxg7 Ne4 53. f4 Nf2 54. h6 Ng4 55. h7 Nxh2 56. h8=Q Nf3 57. Qb8 Nd2 58. Ne6 Ne4 59. Nd4 Ka6 60. Qb5+ Ka7 61. Nc6+ 1-0


[Site "https://www.chess.com"]

[Event "Titled Tuesday Blitz July 4 Early 2023"]
[White "Schut, Han"]
[Black "Novikov, Evgenij"]
[WhiteFideId "1005561"]
[BlackFideId "4125380"]
[WhiteElo "2296"]
[BlackElo "2533"]
[Result "1-0"]
[Round "5"]
[TimeControl "180+2"]
[Date "2023.07.04"]
[WhiteClock "0:00:08"]
[BlackClock "0:00:00"]
[Board "139"]

1. e4 e5 2. Nf3 Nc6 3. Bc4 Be7 4. d4 exd4 5. c3 Nf6 6. e5 Ne4 7. Bd5 Nc5 8. cxd4 Ne6 9. Nc3 O-O 10. Be4 f5 11. Bb1 d5 12. exd6 Bxd6 13. d5 Nf4 14. dxc6 Nxg2+ 15. Kf1 Nh4 16. Nxh4 Qxh4 17. cxb7 Bxb7 18. Qb3+ Kh8 19. Qxb7 Bc5 20. Qf3 Rad8 21. Be3 Bd6 22. Rg1 f4 23. Bd4 Rd7 24. Be4 c5 25. Bc6 cxd4 26. Bxd7 dxc3 27. bxc3 Be5 28. Qg4 Qe7 29. Re1 Qd6 30. Rxe5 Qxe5 31. Bf5 1-0


[Site "https://www.chess.com"]

[Event "Titled Tuesday Blitz July 4 Early 2023"]
[White "Samarth J Rao"]
[Black "Liu, Casper"]
[WhiteFideId "46652370"]
[BlackFideId "1454153"]
[WhiteElo "2250"]
[BlackElo "2532"]
[Result "1-0"]
[Round "5"]
[TimeControl "180+2"]
[Date "2023.07.04"]
[WhiteClock "0:00:39"]
[BlackClock "0:00:01"]
[Board "140"]

1. Nf3 d6 2. c4 g6 3. e3 Bg7 4. Be2 Nf6 5. O-O O-O 6. b3 b6 7. Bb2 Bb7 8. Nc3 c5 9. Rc1 Nc6 10. d4 cxd4 11. Nxd4 Nxd4 12. exd4 d5 13. Bf3 Qd7 14. Re1 dxc4 15. Bxb7 Qxb7 16. bxc4 Rac8 17. Qb3 Rfd8 18. d5 Qd7 19. Nb5 a6 20. Nd4 b5 21. Nc6 Re8 22. Bxf6 bxc4 23. Nxe7+ Rxe7 24. Rxe7 cxb3 25. Rce1 Qb5 26. a4 Qxa4 27. Bg5 b2 28. d6 Bf8 29. d7 Rd8 30. R7e2 Rxd7 31. Rxb2 Qd4 32. Rb8 Kg7 33. Rxf8 Qc3 34. Rfe8 h6 35. Bf4 f6 36. Bd6 Rxd6 37. R1e7# 1-0


[Site "https://www.chess.com"]

[Event "Titled Tuesday Blitz July 4 Early 2023"]
[White "Rutvij09"]
[Black "Tsyhanchuk, Stanislav"]
[BlackFideId "13505130"]
[WhiteElo "2532"]
[BlackElo "2233"]
[Result "1/2-1/2"]
[Round "5"]
[TimeControl "180+2"]
[Date "2023.07.04"]
[WhiteClock "0:00:03"]
[BlackClock "0:00:09"]
[Board "141"]

1. e4 c5 2. Nc3 Nc6 3. f4 g6 4. Nf3 Bg7 5. Bb5 Nd4 6. O-O Nxb5 7. Nxb5 Nh6 8. c4 O-O 9. d3 b6 10. Qe1 Bb7 11. f5 a6 12. Nc3 e6 13. fxg6 fxg6 14. Qg3 d5 15. Qh3 dxe4 16. dxe4 Nf7 17. Qxe6 Re8 18. Qg4 Bxc3 19. bxc3 Rxe4 20. Qg3 Qd6 21. Qf2 Rae8 22. Ng5 Nxg5 23. Bxg5 Qe6 24. Bh6 Qe7 25. Qg3 Re2 26. Rf2 Re1+ 27. Rxe1 Qxe1+ 28. Rf1 Qxg3 29. hxg3 Be4 30. Rf6 Rb8 31. a4 Bd3 32. Bf4 Rb7 33. Bh6 Rb8 34. Bf4 Rb7 35. Bh6 Rb8 1/2-1/2


[Site "https://www.chess.com"]

[Event "Titled Tuesday Blitz July 4 Early 2023"]
[White "Trifan, Andrei Ioan"]
[Black "Schachpanda_Youtube"]
[WhiteFideId "12967068"]
[WhiteElo "2529"]
[BlackElo "2206"]
[Result "1-0"]
[Round "5"]
[TimeControl "180+2"]
[Date "2023.07.04"]
[WhiteClock "0:00:18"]
[BlackClock "0:00:00"]
[Board "142"]

1. Nf3 d5 2. b3 Nf6 3. Bb2 g6 4. e3 Bg7 5. Be2 O-O 6. O-O c5 7. d4 cxd4 8. Nxd4 Nc6 9. Nd2 Re8 10. N2f3 Ne4 11. c4 e5 12. Nxc6 bxc6 13. cxd5 cxd5 14. Bb5 Re6 15. Rc1 Rb8 16. Bc6 Bb7 17. Bxb7 Rxb7 18. Qc2 h6 19. Rfd1 Rd7 20. Qb1 Kh7 21. h3 f5 22. Qa1 Qe7 23. b4 Ng5 24. Nxg5+ Qxg5 25. Rc5 d4 26. exd4 exd4 27. Rd3 Re4 28. Rc1 h5 29. Rcd1 Qf4 30. R1d2 Rde7 31. Rd1 Re2 32. Rf3 Qe4 33. Kh2 Be5+ 34. Kg1 Bf4 35. Kf1 Qc2 36. Rxf4 Qxb2 37. Qxb2 Rxb2 38. g4 hxg4 39. hxg4 Rxa2 40. gxf5 gxf5 41. Rdxd4 Kg6 42. Rd5 Ra1+ 43. Kg2 Rf7 44. b5 Kg5 45. Rf3 Rf6 46. Rg3+ Kf4 47. Rdd3 Ke5 48. Rge3+ Kf4 49. Rd4+ Kg5 50. Rg3+ Kh5 51. Rd8 Rh6 52. Rf8 1-0


[Site "https://www.chess.com"]

[Event "Titled Tuesday Blitz July 4 Early 2023"]
[White "Sreyas Payyappat"]
[Black "Nan M K Khine Hlyan"]
[WhiteFideId "46674969"]
[BlackFideId "13002899"]
[WhiteElo "2528"]
[BlackElo "1766"]
[Result "1-0"]
[Round "5"]
[TimeControl "180+2"]
[Date "2023.07.04"]
[WhiteClock "0:01:55"]
[BlackClock "0:00:57"]
[Board "143"]

1. e4 e5 2. Nf3 Nc6 3. Bc4 Bc5 4. c3 Nf6 5. d4 exd4 6. e5 d5 7. Bb5 Ne4 8. cxd4 Bb4+ 9. Bd2 Nxd2 10. Nbxd2 O-O 11. O-O Bg4 12. Nb3 Bxf3 13. Qxf3 f6 14. e6 Qd6 15. a3 Nd8 16. axb4 Nxe6 17. Qc3 Ng5 18. Nc5 a6 19. Nxb7 Qb6 20. Bc6 Ne4 21. Bxd5+ 1-0


[Site "https://www.chess.com"]

[Event "Titled Tuesday Blitz July 4 Early 2023"]
[White "Tagliata"]
[Black "Weetik, Vjacheslav"]
[BlackFideId "4153472"]
[WhiteElo "2178"]
[BlackElo "2734"]
[Result "0-1"]
[Round "5"]
[TimeControl "180+2"]
[Date "2023.07.04"]
[WhiteClock "0:01:24"]
[BlackClock "0:00:21"]
[Board "144"]

1. e4 c6 2. Nc3 d5 3. Nf3 dxe4 4. Nxe4 Nf6 5. Qe2 Na6 6. Nxf6+ gxf6 7. d3 Qd5 8. Qe4 Qxe4+ 9. dxe4 Nb4 10. Bd3 Rg8 11. g3 Bg4 12. Ke2 O-O-O 13. Rd1 e5 14. a3 Nxd3 15. Rxd3 Be7 16. Be3 f5 17. Rxd8+ Rxd8 18. h3 Bh5 19. exf5 e4 20. g4 exf3+ 21. Kxf3 Rd5 22. c4 Rxf5+ 23. Ke4 Ra5 24. Bd2 Bg6+ 25. Kd4 Bf6+ 26. Ke3 Bxb2 27. Bxa5 Bxa1 28. f4 f5 0-1


[Site "https://www.chess.com"]

[Event "Titled Tuesday Blitz July 4 Early 2023"]
[White "Piesik, Piotr"]
[Black "Saito, Vinicius"]
[WhiteFideId "1136194"]
[BlackFideId "2113384"]
[WhiteElo "2597"]
[BlackElo "2405"]
[Result "1-0"]
[Round "5"]
[TimeControl "180+2"]
[Date "2023.07.04"]
[WhiteClock "0:01:59"]
[BlackClock "0:01:21"]
[Board "145"]

1. Nf3 Nf6 2. g3 g6 3. Bg2 Bg7 4. O-O O-O 5. d4 d6 6. Nbd2 c6 7. e4 Nfd7 8. Qe2 e6 9. a4 e5 10. dxe5 dxe5 11. b3 Re8 12. Nc4 Nb6 13. Rd1 Qc7 14. Nd6 Rd8 15. Nxc8 Nxc8 16. Rxd8+ Qxd8 17. Ba3 Nd7 18. Rd1 Qe8 19. Bh3 Nf8 20. a5 Ne6 21. c3 b6 22. Bxe6 fxe6 23. Qc4 c5 24. Ng5 Bf6 25. Nxe6 Kh8 26. Nc7 1-0


[Site "https://www.chess.com"]

[Event "Titled Tuesday Blitz July 4 Early 2023"]
[White "FromTexas54"]
[Black "ATM622"]
[WhiteElo "2398"]
[BlackElo "2574"]
[Result "1-0"]
[Round "5"]
[TimeControl "180+2"]
[Date "2023.07.04"]
[WhiteClock "0:00:12"]
[BlackClock "0:00:00"]
[Board "146"]

1. d4 Nf6 2. c4 e6 3. Nf3 d5 4. Nc3 Be7 5. Bg5 O-O 6. e3 b6 7. cxd5 Nxd5 8. Bxe7 Qxe7 9. Nxd5 exd5 10. Be2 Bb7 11. O-O c5 12. Rc1 Nd7 13. dxc5 bxc5 14. Qa4 Nb6 15. Qa3 Rfc8 16. Nd4 Qf8 17. Nf5 g6 18. Ng3 h5 19. Bf3 c4 20. Qxf8+ Kxf8 21. Ne2 Ke7 22. Rfd1 Rd8 23. h4 Rab8 24. b3 cxb3 25. axb3 Rdc8 26. Nf4 Rxc1 27. Rxc1 Kd6 28. Ra1 a6 29. Rd1 Ke5 30. Nd3+ Kd6 31. Nf4 Ke5 32. Rd4 Rc8 33. Rb4 Rc6 34. Nxd5 Rc1+ 35. Kh2 Bxd5 36. Rxb6 Bxf3 37. gxf3 Rb1 38. b4 Kf5 39. Kg3 Ke5 40. f4+ Ke4 41. Rxa6 Rxb4 42. Ra7 f5 43. Ra6 Rb1 44. Kg2 Kd3 45. Rxg6 Ke2 46. Rg3 Rf1 47. Rf3 Rb1 48. e4 fxe4 49. Re3+ Kd2 50. Rxe4 Rb8 51. Re5 Rf8 52. Kf3 Kd3 53. Rxh5 Kd4 54. Kg4 Ke4 55. f3+ Ke3 56. Re5+ Kf2 57. h5 Rg8+ 58. Rg5 Rh8 59. f5 Kg2 60. f6 Rh7 61. Rg7 Rh8 62. f7 Kf2 63. Rg8 1-0


[Site "https://www.chess.com"]

[Event "Titled Tuesday Blitz July 4 Early 2023"]
[White "Makhmudov, Shukhrat"]
[Black "Terletsky, Oleg"]
[WhiteFideId "14200775"]
[BlackFideId "14116774"]
[WhiteElo "2390"]
[BlackElo "2555"]
[Result "0-1"]
[Round "5"]
[TimeControl "180+2"]
[Date "2023.07.04"]
[WhiteClock "0:00:23"]
[BlackClock "0:00:04"]
[Board "147"]

1. e4 e5 2. Nf3 Nc6 3. Bb5 a6 4. Ba4 Nf6 5. O-O Be7 6. Bxc6 dxc6 7. d3 Nd7 8. Nbd2 O-O 9. Nc4 f6 10. Ne3 Re8 11. Nh4 Nf8 12. Nhf5 g6 13. Nxe7+ Qxe7 14. Nc4 Be6 15. Na5 b6 16. Nb3 Rad8 17. Qe2 a5 18. Be3 c5 19. Nd2 g5 20. h4 h6 21. hxg5 hxg5 22. f3 Ng6 23. g3 Kg7 24. Kg2 Rh8 25. Rh1 Qd7 26. Nc4 a4 27. b3 Bxc4 28. dxc4 a3 29. Rad1 Qe6 30. Qf2 Rxd1 0-1


[Site "https://www.chess.com"]

[Event "Titled Tuesday Blitz July 4 Early 2023"]
[White "lagarto93"]
[Black "Melikhov, Evgeny V."]
[BlackFideId "4122046"]
[WhiteElo "2538"]
[BlackElo "2387"]
[Result "1-0"]
[Round "5"]
[TimeControl "180+2"]
[Date "2023.07.04"]
[WhiteClock "0:01:03"]
[BlackClock "0:00:00"]
[Board "148"]

1. e4 e5 2. Nf3 Nc6 3. Bc4 Nf6 4. d3 Be7 5. Bb3 d6 6. c3 O-O 7. O-O Na5 8. Bc2 c5 9. Re1 b5 10. Nbd2 a6 11. Nf1 Bb7 12. Ng3 Re8 13. Qe2 Bf8 14. h3 d5 15. Bg5 h6 16. Bxf6 Qxf6 17. Nh2 c4 18. Ng4 Qf4 19. exd5 cxd3 20. Qxd3 g6 21. Re4 Qg5 22. h4 Qd8 23. Rxe5 Rxe5 24. Nxe5 Qxd5 25. Qxd5 Bxd5 26. h5 Bg7 27. Nd3 gxh5 28. Nf4 Bb7 29. Nfxh5 Nc4 30. Nf5 Bh8 31. Nxh6+ Kf8 32. Rb1 Rd8 33. Bb3 Rd2 34. Bxc4 bxc4 35. Ng4 Be4 36. Re1 Bf5 37. Ne3 Be6 38. Nf4 Rxb2 39. Nxe6+ fxe6 40. Nxc4 Rxa2 41. Rxe6 Bxc3 42. g4 a5 43. Ra6 Bd4 44. Rxa5 Rxf2 45. Kh1 Rf4 46. g5 Kg7 47. Nd6 Kg6 48. Rd5 Bc3 49. Kg2 Rg4+ 50. Kf3 Rxg5 51. Rd3 Bf6 52. Ne4 Rf5+ 53. Kg4 Ra5 54. Rd6 Rf5 55. Ra6 Rf1 56. Ng3 1-0


[Site "https://www.chess.com"]

[Event "Titled Tuesday Blitz July 4 Early 2023"]
[White "Fonseca Manrique, Enrique"]
[Black "Goldin, Roman"]
[WhiteFideId "5114330"]
[BlackFideId "2803860"]
[WhiteElo "2534"]
[BlackElo "2383"]
[Result "1-0"]
[Round "5"]
[TimeControl "180+2"]
[Date "2023.07.04"]
[WhiteClock "0:00:59"]
[BlackClock "0:00:00"]
[Board "149"]

1. e4 e5 2. Nf3 Nc6 3. Bb5 a6 4. Ba4 Nf6 5. O-O Be7 6. d3 d6 7. c3 Nd7 8. Nbd2 Nc5 9. Bc2 Bg4 10. h3 Bxf3 11. Nxf3 Ne6 12. Re1 Ng5 13. Nh2 Ne6 14. Be3 Bg5 15. d4 Bxe3 16. fxe3 Ne7 17. Qh5 O-O 18. Rf1 Ng6 19. Nf3 Qe7 20. Bb3 Rfe8 21. Bxe6 fxe6 22. Ng5 h6 23. Nf7 Nh8 24. Nxh8 Kxh8 25. Rf7 Qd8 26. Raf1 Rg8 27. R1f6 Qxf6 28. Rxf6 1-0


[Site "https://www.chess.com"]

[Event "Titled Tuesday Blitz July 4 Early 2023"]
[White "Karamsetty, Jeevan"]
[Black "Adireddy Arjun"]
[WhiteFideId "2025337"]
[BlackFideId "25647709"]
[WhiteElo "2531"]
[BlackElo "2363"]
[Result "1/2-1/2"]
[Round "5"]
[TimeControl "180+2"]
[Date "2023.07.04"]
[WhiteClock "0:00:35"]
[BlackClock "0:00:24"]
[Board "150"]

1. e4 c6 2. d4 d5 3. Nc3 dxe4 4. Nxe4 Nf6 5. Nxf6+ exf6 6. c3 Bd6 7. Nf3 O-O 8. Be2 Re8 9. O-O Nd7 10. Bd3 Nf8 11. h3 Ng6 12. Qb3 Qc7 13. Bd2 Be6 14. Qc2 Rad8 15. c4 Bf4 16. Bc3 Bd6 17. Bxg6 hxg6 18. b3 Bf5 19. Qb2 Re4 20. Rae1 Rde8 21. Rxe4 Bxe4 22. Re1 Qd7 23. Qe2 Re7 24. Qd1 Qe8 25. Nd2 Bd3 26. Rxe7 Qxe7 27. Nf1 Qe2 28. Qxe2 Bxe2 29. Nd2 Bd3 30. g3 f5 31. Kg2 f4 32. Kf3 fxg3 33. fxg3 Bf5 34. g4 Be6 35. Ne4 Be7 36. Nf2 f5 37. Nd3 Kf7 38. Ne5+ Ke8 39. Nxg6 fxg4+ 40. hxg4 Bg5 41. Nf4 Bf7 42. Nd3 g6 43. Nc5 b6 44. Ne4 Be7 45. Kf4 Kd7 46. g5 Be6 47. Bd2 Bf5 48. Nf6+ Ke6 49. Ng8 Bd6+ 50. Kf3 Kf7 51. Nh6+ Ke6 52. Bf4 Be7 53. Ng8 Bf8 54. Nf6 Bg7 55. Be5 Bf8 56. Ne4 Be7 57. Bf4 b5 58. Nc3 bxc4 59. bxc4 Bb4 60. d5+ Kd7 61. dxc6+ Kxc6 62. Nd5 Bf8 63. Be3 Be6 64. Nf4 Bxc4 65. Nxg6 Bg7 66. a3 Bd5+ 67. Kf4 Kb5 68. Ne5 Bxe5+ 69. Kxe5 Bc4 70. Bd2 a6 71. Kf6 Kc6 72. Bb4 Kb7 73. g6 Ka8 74. a4 Bb3 75. a5 Bc4 76. Ke7 Bb3 77. Kd6 Bc4 78. Kc6 Bb3 79. Kb6 Bc4 80. Bd6 Bb3 81. Be7 Bd5 82. Kc5 Bg8 83. g7 Ba2 84. Bd8 Bg8 85. Kb6 Bf7 86. Kxa6 Bg8 87. Kb6 Bf7 88. Kc6 Bg8 89. Kd6 Bf7 90. Ke7 Bg8 91. Kf8 Be6 92. Be7 Bd5 93. Bb4 Bc4 94. Ke7 Bb3 95. Kf8 Bc4 96. g8=Q Bxg8 97. Kxg8 Kb7 98. Kf7 Ka8 99. Ke7 Kb7 100. Kd7 Ka8 101. Kc7 Ka7 102. Kc6 Ka8 103. Kb6 Kb8 104. Bd6+ Ka8 105. Bc5 Kb8 106. Ka6 Ka8 107. Kb5 Kb7 108. a6+ Ka8 109. Bd6 Ka7 110. Bc7 Ka8 111. Bb6 Kb8 112. Kc6 Ka8 113. Kb5 Kb8 114. a7+ Ka8 115. Bc5 Kb7 116. Bd4 Ka8 117. Ka5 Kb7 118. Bc5 Ka8 119. Ka6 1/2-1/2


[Site "https://www.chess.com"]